Map: Dusk Towers

Players

Miszu - Winner!

  • Race: Protoss Protoss
  • League: Master

GilTzOkO

  • Race: Terran Terran
  • League: Master

VOD

Have the link to the VOD?

Description

Time

  • Played on: July 2, 2016, 6:19 p.m.
  • Length: 17:54
Show
View Real Time Build Order
Export as new Build Order

Miszu Protoss - Winner!

Build Orders: 1 Gate Expand, Dark Templar Rush 

Get SALT Encoding   

  12  0:01  Probe (Chrono Boost)  
  13  0:12  Probe (Chrono Boost)  
  14  0:17  Pylon  
  14  0:23  Probe (Chrono Boost)  
  15  0:36  Probe (Chrono Boost)  
  15  0:39  Gateway  
  16  0:46  Probe (Chrono Boost)  
  16  0:48  Assimilator  
  18  0:57  Probe (Chrono Boost)  
  18  1:07  Probe (Chrono Boost)  
  19  1:18  Nexus  
  20  1:29  Cybernetics Core  
  20  1:32  Probe (Chrono Boost)  
  20  1:39  Assimilator  
  20  1:43  Probe (Chrono Boost)  
  21  1:49  Pylon  
  21  1:53  Probe (Chrono Boost)  
  24  2:08  Warp Gate, Mothership Core (Chrono Boost)  
  24  2:14  Stalker  
  26  2:26  Probe (Chrono Boost)  
  29  2:37  Twilight Council, Probe x2 (Chrono Boost)  
  29  2:47  Probe x2 (Chrono Boost)  
  31  2:58  Probe x2 (Chrono Boost)  
  33  2:59  Stalker  
  35  3:07  Robotics Facility  
  35  3:08  Probe (Chrono Boost)  
  35  3:09  Probe (Chrono Boost)  
  37  3:19  Probe (Chrono Boost)  
  38  3:20  Probe (Chrono Boost)  
  39  3:28  Dark Shrine  
  39  3:32  Gateway, Probe (Chrono Boost)  
  40  3:36  Probe (Chrono Boost)  
  41  3:42  Probe (Chrono Boost)  
  41  3:45  Gateway  
  41  3:46  Probe (Chrono Boost)  
  43  3:53  Probe (Chrono Boost)  
  43  3:54  Observer  
  45  3:57  Probe (Chrono Boost)  
  45  3:58  Pylon  
  45  4:02  Pylon  
  46  4:16  Observer (Chrono Boost)  
  47  4:20  Probe  
  47  4:22  Probe  
  49  4:24  Assimilator  
  49  4:25  Assimilator  
  49  4:29  Pylon  
  49  4:33  Stalker  
  49  4:35  Stalker, Warp Prism (Chrono Boost)  
  55  5:03  Dark Templar x2  
  60  5:07  Observer (Chrono Boost)  
  60  5:08  Nexus, Probe  
  60  5:09  Probe  
  60  5:10  Pylon  
  62  5:21  Stalker  
  64  5:34  Probe  
  60  5:36  Probe  
  62  5:45  Blink, Probe  
  62  5:48  Probe  
  62  5:55  Dark Templar  
  64  5:58  Probe  
  64  5:59  Warp Prism (Chrono Boost)  
  64  6:00  Dark Templar  
  64  6:02  Probe  
  66  6:09  Probe  
  67  6:16  Forge  
  67  6:18  Forge, Gateway  
  67  6:19  Gateway  
  67  6:23  Gateway  
  67  6:26  Probe  
  67  6:27  Probe  
  67  6:32  Probe  
  69  6:37  Probe  
  69  6:39  Probe  
  71  6:59  Probe  
  71  7:01  Probe  
  70  7:03  Photon Cannon  
  70  7:06  Photon Cannon  
  70  7:08  Photon Cannon  
  70  7:10  Pylon  
  70  7:15  Probe x2  
  70  7:16  Probe  
  70  7:18  Protoss Ground Weapons Level 1 (Chrono Boost), Protoss Ground Armor Level 1 (Chrono Boost)  
  70  7:21  Dark Templar x3  
  79  7:35  Probe  
  79  7:36  Probe  
  71  8:00  Probe x2  
  71  8:01  Probe  
  71  8:05  Immortal (Chrono Boost)  
  78  8:06  Charge  
  78  8:14  Templar Archives  
  78  8:22  Stalker x6  
  88  8:39  Immortal (Chrono Boost)  
  92  8:46  Gateway  
  90  8:48  Gateway  
  90  8:49  Gateway  
  90  8:50  Dark Templar  
  90  8:51  Zealot x2  
  90  8:54  Zealot x2  
  100  9:02  Pylon  
  100  9:03  Pylon x2  
  100  9:04  Pylon  
  100  9:13  Protoss Ground Armor Level 2 (Chrono Boost)  
  100  9:14  Protoss Ground Weapons Level 2 (Chrono Boost)  
  100  9:21  Immortal, Zealot  
  100  9:22  Zealot x4  
  108  9:38  High Templar  
  108  9:40  Assimilator  
  108  9:41  Assimilator  
  108  9:42  High Templar x2  
  108  9:44  Zealot x4  
  122  9:47  Archon  
  122  9:59  High Templar, Zealot  
  126  10:14  High Templar  
  126  10:15  Zealot x2  
  126  10:19  Pylon  
  132  10:28  Stargate  
  132  10:30  Nexus  
  132  10:32  Pylon  
  132  10:33  Pylon  
  132  10:36  Stargate  
  132  10:38  Pylon  
  132  10:42  Assimilator  
  132  10:43  Archon, Photon Cannon  
  132  10:44  High Templar  
  132  10:45  Photon Cannon  
  132  10:46  Assimilator  
  132  10:47  Photon Cannon  
  132  10:49  Archon  
  134  10:52  Pylon  
  134  11:01  Probe  
  134  11:02  Probe  
  134  11:03  Probe  
  137  11:11  Probe  
  137  11:14  Protoss Ground Weapons Level 3 (Chrono Boost), Protoss Ground Armor Level 3 (Chrono Boost), Probe  
  137  11:16  Fleet Beacon  
  139  11:25  Zealot x2  
  141  11:26  Zealot x2  
  145  11:35  High Templar x2  
  149  11:45  Psionic Storm, Warp Prism  
  141  11:57  Stargate  
  141  12:07  High Templar, Photon Cannon  
  141  12:08  High Templar  
  145  12:09  Photon Cannon  
  145  12:11  Photon Cannon  
  145  12:12  Photon Cannon  
  145  12:14  Photon Cannon  
  145  12:15  Photon Cannon  
  145  12:20  Carrier (Chrono Boost)  
  145  12:21  Warp Prism  
  153  12:31  High Templar  
  153  12:44  Carrier (Chrono Boost)  
  153  12:49  Carrier (Chrono Boost)  
  165  12:52  Zealot x3  
  165  12:53  Zealot  
  165  12:56  Warp Prism  
  175  13:00  Graviton Catapult  
  161  13:25  Protoss Air Weapons Level 1  
  161  13:28  Zealot  
  161  13:29  Zealot  
  163  13:42  Carrier (Chrono Boost)  
  169  13:52  Zealot x2  
  169  13:53  Zealot  
  173  14:03  Carrier (Chrono Boost)  
  173  14:05  Warp Prism  
  173  14:08  Carrier (Chrono Boost)  
  167  14:37  Pylon  
  165  14:41  Probe x2  
  165  14:42  Probe x2  
  169  14:47  High Templar x2  
  169  14:48  High Templar  
  169  14:49  High Templar  
  169  14:51  Archon  
  177  14:53  Probe  
  177  14:57  Carrier (Chrono Boost)  
  180  15:18  Carrier (Chrono Boost)  
  180  15:21  Zealot  
  180  15:22  Zealot  
  180  15:23  Carrier (Chrono Boost)  
  190  15:48  High Templar x3  
  190  16:06  High Templar x3  
  196  16:12  Archon, Pylon  
  187  16:35  Zealot x5  
  187  16:36  Zealot  
  195  16:54  High Templar x2  
  199  17:03  Pylon  
  199  17:04  Nexus  
  197  17:12  Zealot  
  197  17:13  Dark Templar x2  
  197  17:15  Dark Templar  
  192  17:22  Zealot  
  192  17:23  Zealot  
  192  17:24  Dark Templar  
Show
View Real Time Build Order
Export as new Build Order

GilTzOkO Terran 

Build Orders: Liberator Opening, Mech 

Get SALT Encoding   

  12  0:01  SCV  
  13  0:13  SCV  
  14  0:18  Supply Depot  
  14  0:25  SCV  
  15  0:37  Refinery  
  15  0:40  SCV  
  16  0:48  Barracks  
  16  0:52  SCV  
  18  1:04  SCV  
  18  1:16  SCV  
  19  1:28  SCV  
  20  1:36  Reaper  
  21  1:44  Command Center  
  21  1:52  Orbital Command  
  21  2:00  Refinery  
  21  2:01  Supply Depot  
  21  2:08  Reaper  
  22  2:17  Factory  
  22  2:21  SCV  
  23  2:33  SCV  
  24  2:42  Barracks Reactor  
  24  2:45  SCV  
  24  2:57  SCV  
  24  2:58  Orbital Command  
  25  3:02  Starport, Widow Mine  
  27  3:09  SCV  
  28  3:21  SCV  
  28  3:23  SCV  
  28  3:25  Liberator  
  30  3:30  Barracks Tech Lab  
  30  3:34  SCV  
  31  3:35  SCV  
  31  3:39  Widow Mine x2  
  36  3:46  SCV  
  36  3:48  SCV  
  41  3:54  Refinery  
  41  3:55  Refinery  
  41  3:58  SCV  
  41  4:00  SCV  
  41  4:01  Supply Depot  
  43  4:09  Command Center  
  43  4:10  SCV  
  44  4:19  SCV  
  44  4:22  SCV  
  46  4:29  Supply Depot  
  50  4:31  Hellion x2  
  50  4:37  Cloaking Field, Banshee  
  53  4:45  SCV  
  54  4:50  SCV  
  54  4:51  Factory  
  54  4:54  Factory  
  54  4:57  SCV  
  53  5:02  SCV  
  53  5:06  Supply Depot  
  54  5:09  SCV  
  55  5:14  SCV  
  55  5:20  Banshee  
  59  5:22  SCV, Orbital Command  
  59  5:23  Widow Mine x2  
  59  5:26  SCV  
  65  5:34  SCV  
  66  5:37  Factory Tech Lab x2  
  66  5:38  SCV  
  64  5:44  Engineering Bay  
  64  5:46  SCV  
  64  5:49  Orbital Command  
  65  5:50  SCV  
  65  5:52  Hellion  
  65  5:53  Hellion  
  70  5:57  Cyclone x2  
  70  5:58  SCV  
  70  6:02  Supply Depot, SCV  
  70  6:03  Medivac  
  82  6:05  Supply Depot  
  82  6:10  SCV  
  83  6:16  Factory  
  83  6:20  SCV x2  
  83  6:24  Armory  
  85  6:26  Supply Depot  
  85  6:29  Siege Tank x2  
  85  6:30  Hellion  
  85  6:32  SCV  
  94  6:35  Supply Depot  
  94  6:36  SCV x2  
  96  6:45  SCV  
  97  6:48  Refinery x2, SCV  
  97  6:49  Supply Depot  
  97  6:53  Command Center  
  95  7:03  Siege Tank x2  
  95  7:05  SCV x2  
  95  7:06  SCV  
  104  7:09  Supply Depot  
  104  7:11  Supply Depot  
  104  7:12  Factory Tech Lab  
  104  7:14  Terran Vehicle Weapons Level 1  
  103  7:17  SCV x2  
  103  7:18  Armory  
  100  7:22  Missile Turret  
  100  7:25  Missile Turret  
  100  7:26  SCV  
  100  7:29  SCV  
  95  7:38  SCV  
  95  7:39  SCV  
  83  7:51  SCV x2  
  83  7:54  Cyclone x2  
  83  7:57  SCV  
  84  8:01  Missile Turret  
  84  8:03  SCV  
  86  8:12  SCV  
  84  8:32  Hellion x5  
  94  8:39  Raven  
  94  8:40  SCV x2  
  94  8:52  SCV x2  
  94  8:55  Orbital Command  
  96  9:04  Siege Tank, SCV x2  
  101  9:11  Missile Turret  
  101  9:16  SCV x2  
  102  9:23  Cyclone  
  106  9:28  SCV x2  
  107  9:38  Viking  
  109  9:40  SCV x2  
  109  9:42  Supply Depot, Terran Vehicle And Ship Armor Level 1, Terran Vehicle Weapons Level 2  
  111  9:48  Missile Turret  
  111  9:52  SCV x2  
  113  9:54  Supply Depot  
  113  10:01  SCV  
  113  10:04  SCV x2  
  113  10:06  Missile Turret  
  116  10:08  Supply Depot, Medivac, Infernal Pre-Igniter  
  116  10:12  Drilling Claws  
  116  10:13  SCV, Widow Mine  
  119  10:15  Widow Mine  
  119  10:17  Widow Mine  
  119  10:19  SCV  
  124  10:29  Widow Mine  
  124  10:30  Widow Mine  
  124  10:33  Supply Depot  
  128  10:38  Medivac  
  128  10:39  SCV  
  128  10:42  Widow Mine  
  131  10:44  Command Center, Widow Mine  
  131  10:46  Widow Mine  
  137  10:53  SCV  
  137  10:56  Supply Depot  
  138  10:58  Cyclone  
  138  10:59  Cyclone, SCV x2  
  138  11:03  Missile Turret  
  148  11:08  SCV  
  148  11:11  Supply Depot, Hellion, SCV x2  
  149  11:15  Siege Tank  
  152  11:31  Siege Tank  
  159  11:32  Hellion, Command Center  
  159  11:33  Hellion x2  
  159  11:34  Mag-Field Accelerator  
  159  11:39  Missile Turret  
  161  11:42  Banshee  
  163  11:48  Siege Tank  
  163  11:54  Hellion x2, Siege Tank  
  168  11:58  Supply Depot, SCV x2, Missile Turret  
  168  12:01  SCV  
  173  12:03  Hellion  
  175  12:10  SCV  
  175  12:12  Supply Depot  
  176  12:18  Command Center  
  176  12:19  SCV  
  177  12:25  Medivac  
  177  12:26  Widow Mine x2  
  183  12:33  Supply Depot  
  183  12:42  Terran Vehicle And Ship Armor Level 2, Terran Vehicle Weapons Level 3  
  183  12:45  Liberator  
  183  12:53  Factory  
  183  13:00  Widow Mine x4  
  183  13:03  Hellion x11  
  194  13:06  Starport  
  194  13:18  Siege Tank  
  197  13:29  Siege Tank  
  200  13:46  Starport Tech Lab  
  197  13:52  Planetary Fortress  
  197  14:04  Factory Tech Lab, Liberator  
  197  14:10  Starport, Missile Turret  
  197  14:11  Missile Turret  
  197  14:13  Missile Turret  
  197  14:14  Orbital Command  
  197  14:15  Refinery  
  197  14:16  Refinery  
  198  14:32  Refinery, Raven, Corvid Reactor  
  198  14:37  Factory  
  200  14:43  Missile Turret  
  200  14:44  Command Center  
  200  14:45  Missile Turret  
  198  15:02  Hellbat  
  198  15:04  Missile Turret  
  198  15:05  Missile Turret  
  200  15:08  Terran Vehicle And Ship Armor Level 3  
  200  15:09  Missile Turret  
  190  15:36  Missile Turret  
  182  15:56  Missile Turret  
  182  15:57  Cyclone x3, Factory Tech Lab  
  190  15:58  Viking  
  190  16:00  Viking  
  198  16:08  Command Center  
  193  16:28  Viking  
  193  16:29  Thor x2  
  193  16:30  Cyclone x2  
  181  16:33  Viking  
  165  16:54  Planetary Fortress  
  165  16:58  Viking  
  165  17:02  Cyclone x2  
  165  17:03  Viking  
  166  17:12  Cyclone  
Tags
 
Add a new tag
Caveats
  • Supply blocks, unpowered buildings, or Contaminate may cause inaccurate times.
  • Supply counts are checked every 10 seconds.